 Dungeon Sprint DCSS version 0.30-a0-279-g4b46babb21 (webtiles) character file.

Game seed: 5167040013028682163

473 rocky1 the Thaumaturge (level 7, -5/79 HPs)
             Began as a Djinni Fire Elementalist on Oct 17, 2022.
             Was a Believer of Cheibriados.
             Slain by a killer bee (9 damage)
             ... in the Dungeon (Sprint IV: "Fedhas' Mad Dash").
             The game lasted 00:04:17 (944 turns).

rocky1 the Thaumaturge (Djinni Fire Elementalist)    Turns: 944, Time: 00:04:17

Health: -5/79      AC:  2    Str: 11    XL:     7   Next: 32%
Gold:   75         EV: 15    Int: 23    God:    Cheibriados [**....] SH:  0 Dex: 17

rFire   + + .      SeeInvis .    (no weapon)
rCold   x . .      Faith    .    (no shield)
rNeg    . . .      Spirit   .    a - +0 robe
rPois   ∞          Reflect  .    (no helmet)
rElec   .          Harm     .    (no cloak)
rCorr   .          Rampage  .    (no gloves)
Will    .....      NoTele   +    (boots unavailable)
Stlth   ..........               h - amulet of invisibility {+Inv}
HPRegen 0.33/turn                (no ring)
MPRegen 0.00/turn                (no ring)

@: berserking, flying, very slow
A: sickness immunity, fire resistance 2, cold vulnerability 1, float, innate
caster, HP casting, extra vitality 1
a: Renounce Religion, Evoke Invisibility, Bend Time


You were in the Dungeon.
You worshipped Cheibriados.
Cheibriados was pleased with you.
You visited 1 branch You collected 75 gold pieces.

Inventory:

Armour
 a - a +0 robe (worn)
Jewellery
 h - the amulet of invisibility (around neck) {+Inv}
   (You found it in the Dungeon)

   [amulet of nothing]

   +Inv:      It lets you turn invisible.
Scrolls
 g - a scroll of identify {unknown}
Potions
 d - 2 potions of haste


   Skills:
 * Level 4.5 Fighting
 + Level 5.9 Dodging
 * Level 4.9 Stealth
 + Level 9.1 Spellcasting
 * Level 3.5 Invocations


You had 5 spell levels left.
You knew the following spells:

 Your Spells              Type           Power      Damage    Failure   Level
a - Foxfire               Conj/Fire      100%       2x1d9     1%          1
b - Scorch                Fire           100%       2d10      1%          2
c - Kindle Blastsparks    Fire/Tloc/Air  100%       2d18      1%          3
d - Inner Flame           Hex/Fire       51%        N/A       1%          3
e - Flame Wave            Conj/Fire      51%        2d13      1%          4
f - Apportation           Tloc           100%       N/A       1%          1
g - Searing Ray           Conj           100%       2d8       1%          2
h - Portal Projectile     Hex/Tloc       100%       N/A       1%          3
Your spell library was empty.

Dungeon Overview and Level Annotations

Branches:
Dungeon (1/1)

Altars:
Cheibriados
Dithmenos
Elyvilon
Gozag
Hepliaklqana
Makhleb
Nemelex Xobeh
Okawaru
Qazlal
Ru
Trog
Uskayaw
Wu Jian
Xom
Yredelemnul
Zin
The Shining One
Jiyva
Lugonu


Innate Abilities, Weirdness & Mutations

You are immune to sickness and miasma.
You are immune to poison.
Your flesh is very heat resistant. (rF++)
You are vulnerable to cold. (rC-)
You float through the air rather than walking.
You learn spells naturally, not from books.
Your magical power is your life essence.
You have superior vitality. (+4 MHP)


Message History

You conjure some foxfire!
The killer bee buzzes angrily.
You hear an angry buzzing noise.
The queen bee closely misses you.
Casting: Foxfire (safe; 1% risk of failure)
Confirm with . or Enter, or press ? or * to list all spells.
Flames lash the queen bee.
The queen bee is burned terribly!
The queen bee is almost dead.
The foxfire hits the queen bee but does no damage.
The queen bee is almost dead.
The foxfire hits the killer bee.
The killer bee is moderately wounded.
The killer bee stings you!
The queen bee calls on the killer bee to defend it!
The killer bee goes berserk!
The killer bee misses you.
Casting: Scorch (safe; 1% risk of failure)
Confirm with . or Enter, or press ? or * to list all spells.
Flames lash the queen bee.
The queen bee is burned terribly!
You kill the queen bee!
Cheibriados thoroughly appreciates the change of pace.
Cheibriados raises the support of your attributes as your movement slows. x2
The killer bee closely misses you. The killer bee stings you!
* * * LOW HITPOINT WARNING * * *
The killer bee stings you!
* * * LOW HITPOINT WARNING * * *
Your Fighting skill increases to level 4!
Your Spellcasting skill increases to level 9!
Your Invocations skill increases to level 3!
You have reached level 7!
The power to cast Portal Projectile wells up from within.
Spell assigned to 'h'.
Unknown command.
A red film seems to cover your vision as you go berserk!
Cheibriados forces you to slow down.
You feel mighty! The killer bee misses you. The killer bee stings you.
* * * LOW HITPOINT WARNING * * *
The killer bee misses you. The killer bee barely misses you. x2
You hit the killer bee.
The killer bee is moderately wounded.
The killer bee stings you!
You die...

################################
#<...#..†..#.....#.⌠._._._._.⌠.#
#.†..'.....'.#.@.'.._._._._._..+
#....#.....#.#yy.#..._._._._...#
###############'##.._._._._._..#
♣.......†'...#._._._._._.⌠.#
.yy...♣.....#...###############
.y...♣..♣.y###### #+## #+#####


You could see 2 killer bees.

Vanquished Creatures
  A queen bee (D)
  A scorpion (D)
  2 killer bees (D)
  3 oklob saplings (D)
  A river rat (D)
  A rat (D)
9 creatures vanquished.

Vanquished Creatures (others)
  29 foxfires (D)
  7 fungi (D)
36 creatures vanquished.

Grand Total: 45 creatures vanquished

Notes
Turn   | Place    | Note
-------+----------+-------------------------------------------
     0 | D        | rocky1 the Djinni Fire Elementalist began the quest for the
                  | Orb.
     0 | D        | rocky1 set off with the following spells memorised:
                  | Foxfire, Scorch, Kindle Blastsparks, Inner Flame, Flame
                  | Wave.
     0 | D        | Reached XP level 1. HP: 15/15 MP: 0/0
    38 | D        | Reached skill level 3 in Spellcasting
    38 | D        | Reached XP level 2. HP: 10/21 MP: 0/0
    87 | D        | Noticed an oklob sapling
    91 | D        | Killed an oklob sapling
    92 | D        | Reached skill level 4 in Spellcasting
    92 | D        | Reached XP level 3. HP: 22/25 MP: 0/0
    92 | D        | Learned a level 1 spell: Apportation
   101 | D        | Noticed a scorpion
   101 | D        | Found the amulet of invisibility {+Inv}
   106 | D        | Killed a scorpion
   107 | D        | Reached skill level 6 in Spellcasting
   107 | D        | Reached XP level 4. HP: 22/31 MP: 0/0
   107 | D        | Reached XP level 5. HP: 25/35 MP: 0/0
   107 | D        | Learned a level 2 spell: Searing Ray
   134 | D        | Reached skill level 1 in Fighting
   156 | D        | Found an opulent altar of Gozag.
   156 | D        | Found a hazy altar of Hepliaklqana.
   156 | D        | Found a burning altar of Makhleb.
   156 | D        | Found a sparkling altar of Nemelex Xobeh.
   156 | D        | Found a snail-covered altar of Cheibriados.
   156 | D        | Found a sacrificial altar of Ru.
   156 | D        | Found a shimmering altar of Xom.
   156 | D        | Found a basalt altar of Yredelemnul.
   157 | D        | Found a viscous altar of Jiyva.
   157 | D        | Found a bloodstained altar of Trog.
   157 | D        | Found an ornate altar of the Wu Jian Council.
   158 | D        | Found an iron altar of Okawaru.
   158 | D        | Found a shadowy altar of Dithmenos.
   158 | D        | Found a glowing silver altar of Zin.
   159 | D        | Found a hide-covered altar of Uskayaw.
   160 | D        | Found a stormy altar of Qazlal.
   160 | D        | Found a white marble altar of Elyvilon.
   160 | D        | Found a glowing golden altar of the Shining One.
   161 | D        | Found a corrupted altar of Lugonu.
   164 | D        | Reached skill level 7 in Spellcasting
   533 | D        | Became a worshipper of Cheibriados the Contemplative
   554 | D        | Noticed a queen bee
   562 | D        | Reached skill level 1 in Invocations
   562 | D        | Reached XP level 6. HP: 25/45 MP: 0/0
   566 | D        | HP: 2/45 [killer bee (9)]
   568 | D        | Reached * piety under Cheibriados
   569 | D        | Reached skill level 5 in Dodging
   569 | D        | Reached skill level 8 in Spellcasting
   942 | D        | Killed a queen bee
   942 | D        | Reached ** piety under Cheibriados
   942 | D        | HP: 2/46 [killer bee (8)]
   943 | D        | Reached skill level 9 in Spellcasting
   943 | D        | Reached XP level 7. HP: 3/53 MP: 0/0
   943 | D        | Learned a level 3 spell: Portal Projectile
   944 | D        | Slain by a killer bee

Illustrated notes

Levels and vault maps discovered:
D:        dungeon_sprint_fedhas [sprint_temple]

Skill      XL: |  1  2  3  4  5  6 |
---------------+-------------------+-----
Spellcasting   | 3 4 6 7 9 |  9.1
Dodging        | 3 4 5 |  5.9
Stealth        | 2 3 4 |  4.9
Fighting       | 2 4 |  4.5
Invocations    | 1 3 |  3.5

Action                   |  1- 3 |  4- 6 |  7- 9 || total
-------------------------+-------+-------+-------++-------
Melee: Unarmed           |    10 |     1 |     1 ||    12
 Cast: Foxfire           |    12 |     4 |       ||    16
       Scorch            |     1 |    12 |       ||    13
       Kindle Blastspark |       |     1 |       ||     1
  Use: Potion            |       |     2 |     1 ||     3
       Scroll            |       |     1 |       ||     1
Armor: Robe              |       |     3 |       ||     3
Dodge: Dodged            |     3 |    16 |     4 ||    23

Table legend: (Time is in decaauts)
 A = Elapsed time spent in this place.
 B = Non-inter-level travel time spent in this place.
 C = Inter-level travel time spent in this place.
 D = Time resting spent in this place.
 E = Time spent auto-exploring this place.
 F = Levels seen in this place.
 G = Mean time per level.
                   A        B        C        D        E       F      G
               +--------+--------+--------+--------+--------+-----+--------+
         Total |    952 |    952 |      0 |    754 |      0 |   1 |  952.0 |
       Dungeon |    952 |    952 |      0 |    754 |      0 |   1 |  952.0 |
               +--------+--------+--------+--------+--------+-----+--------+

Top non-repeatable levels by time:
       D: 952 daAuts
